 Dungeon Crawl Stone Soup version 0.27-a0-937-g420bc24 (webtiles) character file.

Game seed: 3099884450026569220

34 Nithhogg the Skirmisher (level 3, -4/43 HPs)
             Began as a Demonspawn Fighter on Apr 10, 2021.
             Slain by an iron imp (7 damage)
             ... summoned by Natasha
             ... on level 2 of the Dungeon.
             The game lasted 00:01:29 (908 turns).

Nithhogg the Skirmisher (Demonspawn Fighter)         Turns: 908, Time: 00:01:29

Health: -4/43      AC: 21    Str: 17    XL:     3   Next: 14%
Magic:  4/4        EV:  2    Int:  9    God:
Gold:   63         SH:  9    Dex: 12    Spells: 2/2 levels left

rFire    . . .     SeeInvis .   a - +0 long sword
rCold    . . .     Faith    .   c - +0 kite shield
rNeg     + + +     Spirit   .   (armour currently unavailable)
rPois    +         Reflect  .   (helmet currently unavailable)
rElec    .         Harm     .   (cloak currently unavailable)
rCorr    .         Rampage  .   (gloves currently unavailable)
Will     .....     NoTele   +   (boots currently unavailable)
Stlth    +.........             (no amulet)
HPRegen  0.14/turn              (no ring)
MPRegen  0.09/turn              (no ring)

@: tree-form, hasted and slowed
A: stationary, stasis, torment immunity, boosted hp, repulsion field 1, (spiny
1)
a: no special abilities


You were on level 2 of the Dungeon.
You were a tree.
You visited 1 branch of the dungeon, and saw 2 of its levels.

You collected 63 gold pieces.

Inventory:

Hand Weapons
 a - a +0 long sword (weapon)
Armour
 b - a +0 scale mail (melded)
 c - a +0 kite shield (worn)
Scrolls
 e - 2 scrolls of magic mapping {unknown}
 g - a scroll of teleportation {unknown}
 i - a scroll of fog {unknown}
Potions
 d - a potion of might


   Skills:
 + Level 3.2 Fighting
 + Level 2.1 Long Blades
 + Level 3.0 Armour
 + Level 3.0 Shields
 + Level 1.4 Invocations


You had 2 spell levels left.
You didn't know any spells.
Your spell library was empty.

Dungeon Overview and Level Annotations

Branches:
Dungeon (2/15)

Altars:

Annotations:
D:2 Natasha


Innate Abilities, Weirdness & Mutations

You are a tree.
Your roots penetrate the ground, keeping you stationary.
You cannot be teleported.
You are immune to unholy pain and torment.
Your maximum health is greatly increased.
Your equipment is partially melded.
You are surrounded by a mild repulsion field. (EV +2)
((You are partially covered in sharp spines.))


Message History

Natasha casts a spell at you. The magic dart hits you.
You block the giant cockroach's attack. You block Natasha's attack.
You hit the giant cockroach.
You kill the giant cockroach!
Natasha claws you but does no damage.
You barely miss Natasha.
Natasha is heavily wounded.
Natasha claws you.
Natasha mumbles some strange words.
You hit Natasha.
Natasha is severely wounded.
Natasha stares at you and mumbles some strange words.
The magic dart hits you!
* * * LOW HITPOINT WARNING * * *
You are too injured to fight recklessly!
You are too injured to fight recklessly!
You are too injured to fight recklessly!
You are too injured to fight recklessly!
You are too injured to fight recklessly!
You are too injured to fight recklessly!
You are too injured to fight recklessly!
You completely miss Natasha.
Natasha is severely wounded.
You block Natasha's attack. You block the iron imp's attack. Natasha claws you.
* * * LOW HITPOINT WARNING * * *
You closely miss Natasha.
Natasha is severely wounded.
You block Natasha's attack. The iron imp hits you.
* * * LOW HITPOINT WARNING * * *
It was a potion of haste.
You feel yourself speed up. Natasha claws you but does no damage.
The iron imp misses you.
It was a potion of lignification.
You turn into a tree.
Your +0 scale mail melds into your body.
Your roots penetrate the ground.
Natasha mumbles some strange words.
You feel troubled. Natasha casts a spell at you.
You feel yourself slow down. The iron imp hits you!
You die...

# .
#####.##.
##...#....
##.........
#......[...
#.†h.......
#..♣5......
##.........
##<..##...
##### .


You could see an iron imp (summoned) and Natasha.

Vanquished Creatures
  A dart slug (D:1)
  3 endoplasms (D:1)
  4 giant cockroaches
  A goblin (D:1)
  4 hobgoblins
  5 jackals (D:1)
  A quokka (D:1)
  2 ball pythons (D:1)
  2 bats (D:1)
  2 frilled lizards (D:1)
  A kobold (D:1)
  2 rats (D:1)
28 creatures vanquished.

Notes
Turn   | Place    | Note
-------+----------+-------------------------------------------
     0 | D:1      | Nithhogg the Demonspawn Fighter began the quest for the
                  | Orb.
     0 | D:1      | Reached XP level 1. HP: 18/18 MP: 1/1
    74 | D:1      | Gained mutation: You are surrounded by a mild repulsion
                  | field. (EV +2) [demonic ancestry]
    74 | D:1      | Reached XP level 2. HP: 19/24 MP: 2/2
   225 | D:1      | Reached skill level 1 in Invocations
   718 | D:1      | Gained mutation: You are partially covered in sharp spines.
                  | [demonic ancestry]
   718 | D:1      | Reached XP level 3. HP: 28/29 MP: 3/3
   781 | D:1      | Found a faded altar of an unknown god.
   895 | D:2      | Noticed Natasha
   908 | D:2      | Slain by an iron imp

Illustrated notes

Levels and vault maps discovered:
D:1:      evilmike_arrival_fibonacci_small, layout_basic,
          hellmonk_ecumenical_altar_run_dry, minmay_cupped
D:2:      layout_rooms, uniq_natasha

Skill      XL: |  1  2  3 |
---------------+----------+-----
Long Blades    | 2 |  2.1
Invocations    | 1 |  1.4
Armour         | 3 |  3.0
Shields        | 3 |  3.0
Fighting       | |  3.2

Action                   || total
-------------------------++-------
Melee: Long sword        ||    53
  Use: Potion            ||     2
Armor: Scale mail        ||    16
Dodge: Dodged            ||    18
Block: Kite shield       ||    23
       Rpst.: Long sword ||     2

Table legend: (Time is in decaauts)
 A = Elapsed time spent in this place.
 B = Non-inter-level travel time spent in this place.
 C = Inter-level travel time spent in this place.
 D = Time resting spent in this place.
 E = Time spent auto-exploring this place.
 F = Levels seen in this place.
 G = Mean time per level.
                   A        B        C        D        E       F      G
               +--------+--------+--------+--------+--------+-----+--------+
         Total |    937 |    914 |     23 |      0 |    782 |   2 |  468.5 |
       Dungeon |    937 |    914 |     23 |      0 |    782 |   2 |  468.5 |
               +--------+--------+--------+--------+--------+-----+--------+

Top non-repeatable levels by time:
     D:1: 919 daAuts
     D:2: 17 daAuts
